AoeStats
← the shy

African Clearing

504978256Analyzed
4v4 RM · 26d ago on Sep 7, 2026· 37m 58s· 8 players
Game mode
Random Map
Map size
Large (8 player)
Population
200
Speed
Normal
Resources
Standard
Victory
Conquest
Starting age
Dark Age
Ending age
Imperial Age
RankedLock teamsTeams togetherTeam positionsShared explorationLock speedFull tech treeHidden civsTurbo modeCheats
Victory
Defeat
🇮🇹 Bulgarians · Italy
1554
+15
🇨🇳 Huns · China
1504
+17
🇨🇳 Wei · China
1495
+17
🇨🇳 Vietnamese · China
1294
+25
1616
-22
🇹🇼 Hindustanis · Taiwan
1525
-19
🇻🇳 Mongols · Vietnam
1487
-17
🇫🇷 Bengalis · France
1451
-16
馬上贏
11:39 Loom
13:24 Feudal Age
18:16 Castle Age
16:29 Double-Bit Axe
17:26 Town Watch
19:41 Wheelbarrow
22:31 Bow Saw
22:02 Horse Collar
30:21 Imperial Age
30:15 Hand Cart
30:18 Gold Mining
30:54 Scale Barding Armor
31:00 Forging
30:52 Heavy Plow
aKetbuscugioi
10:52 Feudal Age
12:51 Loom
15:40 Forging
15:57 Scale Barding Armor
24:34 Castle Age
25:06 Double-Bit Axe
24:49 Light Cavalry
25:31 Husbandry
30:04 Fletching
Yucatan_water_supremacy
3:23 Loom
13:10 Feudal Age
14:52 Town Watch
16:54 Double-Bit Axe
18:34 Horse Collar
23:25 Castle Age
23:29 Wheelbarrow
24:20 Bloodlines
25:29 Scale Barding Armor
26:38 Chain Barding Armor
35:29 Forging
JohnnySniper
3:38 Loom
14:12 Feudal Age
18:36 Castle Age
17:44 Double-Bit Axe
20:51 Fletching
24:47 Town Watch
昊帅气
9:40 Loom
11:40 Feudal Age
13:34 Arson
19:22 Double-Bit Axe
21:21 Horse Collar
25:48 Castle Age
24:18 Scale Barding Armor
24:37 Bloodlines
24:55 Forging
26:52 Chain Barding Armor
26:55 Husbandry
27:38 Wheelbarrow
30:01 Gold Mining
32:18 Iron Casting
32:58 Heavy Plow
36:35 Town Watch
37:48 Hand Cart
37:33 Town Patrol
男高抗压位
4:25 Loom
13:21 Feudal Age
16:12 Double-Bit Axe
17:56 Fletching
25:28 Castle Age
24:05 Gold Mining
24:40 Horse Collar
25:56 Crossbowman
27:22 Wheelbarrow
28:12 Bodkin Arrow
30:53 Bow Saw
32:46 Heavy Plow
33:32 Ballistics
35:37 Padded Archer Armor
36:14 Hand Cart
the shy
11:43 Loom
13:55 Feudal Age
19:21 Castle Age
17:23 Double-Bit Axe
18:40 Fletching
20:10 Bodkin Arrow
20:30 Bow Saw
20:12 Gold Mining
28:40 Ballistics
28:28 Husbandry
29:26 Bloodlines
32:33 Padded Archer Armor
33:33 Wheelbarrow
34:34 Horse Collar
库库林·白夜
9:03 Loom
14:43 Feudal Age
18:31 Castle Age
16:39 Double-Bit Axe
17:25 Horse Collar
19:41 Bow Saw
21:06 Wheelbarrow
30:07 Heavy Plow
30:04 Gold Mining
30:04 Stone Mining
34:47 Hand Cart
36:48 Gold Shaft Mining
36:49 Stone Shaft Mining
40:20 Imperial Age
37:36 Town Watch
38:24 Scale Barding Armor
38:29 Forging
Connection lost

Rejoining the realm…

Still unreachable

The connection could not be restored.

Session expired

The server has moved on; the page needs a fresh start.